AoeStats
← chenya_ko

Arabia

509786026Analyzed
1v1 RM · 5d ago on Sep 28, 2026· 42m 47s· 2 players
Game mode
Random Map
Map size
Tiny (2 player)
Population
200
Speed
Normal
Resources
Standard
Victory
Conquest
Starting age
Dark Age
Ending age
Imperial Age
RankedLock teamsTeams togetherTeam positionsShared explorationLock speedFull tech treeHidden civsTurbo modeCheats
Victory
Defeat
🇨🇱 Persians · Chile
1222
+14
🇹🇼 Japanese · Taiwan
1170
-14
Dickson
6:12 Loom
8:47 Feudal Age
9:32 Double-Bit Axe
9:31 Horse Collar
19:45 Castle Age
18:22 Bloodlines
20:31 Forging
22:26 Bow Saw
23:15 Husbandry
27:03 Wheelbarrow
26:21 Gold Mining
26:38 Heavy Plow
29:40 Gold Mining
33:38 Imperial Age
31:47 Scale Barding Armor
34:24 Iron Casting
34:11 Chain Barding Armor
34:51 Cavalier
37:09 Crop Rotation
37:41 Two-Man Saw
38:21 Hand Cart
39:23 Gold Shaft Mining
39:38 Savar
chenya_ko
1:49 Loom
10:05 Feudal Age
10:10 Man-at-Arms
10:37 Double-Bit Axe
16:34 Fletching
19:05 Wheelbarrow
23:57 Castle Age
21:58 Horse Collar
22:11 Gold Mining
23:04 Forging
22:56 Scale Mail Armor
22:57 Arson
24:01 Long Swordsman
24:29 Gambesons
24:05 Long Swordsman
24:47 Squires
24:15 Pikeman
25:37 Bow Saw
26:18 Iron Casting
26:40 Chain Mail Armor
28:20 Hand Cart
28:14 Town Watch
30:30 Heavy Plow
33:50 Gold Shaft Mining
33:05 Stone Mining
40:58 Imperial Age
41:05 Bodkin Arrow
41:10 Padded Archer Armor
41:06 Halberdier
41:16 Two-Handed Swordsman
43:00 Blast Furnace
Connection lost

Rejoining the realm…

Still unreachable

The connection could not be restored.

Session expired

The server has moved on; the page needs a fresh start.